Map: Orbital Shipyard

Players

LilDicky

  • Race: Terran Terran
  • League: Diamond

person - Winner!

  • Race: Zerg Zerg
  • League: Diamond

VOD

http://www.twitch.tv/tumescentpie

Description

Time

  • Played on: Jan. 1, 2016, 11:10 p.m.
  • Length: 22:14
Show
View Real Time Build Order
Export as new Build Order

LilDicky Terran 

Build Orders: Command Center First (CC), Mech 

Get SALT Encoding   

  12  0:01  SCV  
  13  0:13  SCV  
  14  0:25  SCV  
  15  0:30  Supply Depot  
  15  0:52  SCV  
  16  1:01  Command Center  
  16  1:04  SCV  
  17  1:13  Barracks  
  17  1:16  SCV  
  18  1:28  SCV  
  19  1:41  SCV  
  20  1:53  Command Center  
  20  2:02  Marine  
  20  2:04  Supply Depot  
  21  2:11  Orbital Command  
  21  2:19  Orbital Command  
  21  2:24  Marine  
  22  2:32  Refinery  
  22  2:38  SCV, Refinery  
  23  2:48  Refinery  
  23  2:49  Marine  
  24  2:52  Refinery  
  24  2:59  SCV x2  
  26  3:07  Marine  
  26  3:10  SCV  
  26  3:11  SCV, Engineering Bay  
  29  3:13  SCV  
  30  3:27  Factory, Orbital Command  
  30  3:29  SCV  
  30  3:30  SCV  
  32  3:40  Neosteel Frame  
  32  3:44  Marine  
  32  3:46  Supply Depot  
  33  3:59  SCV x3  
  33  4:02  Marine  
  37  4:10  Command Center  
  37  4:14  Factory Tech Lab  
  37  4:18  SCV x2  
  37  4:20  SCV, Marine  
  41  4:30  SCV  
  42  4:34  SCV x2  
  42  4:35  Siege Tank  
  42  4:37  Marine  
  48  4:43  SCV  
  49  4:48  SCV  
  49  4:49  SCV  
  51  4:55  SCV  
  52  5:00  SCV  
  52  5:01  SCV  
  54  5:07  SCV  
  54  5:09  Siege Tank  
  58  5:15  Factory  
  58  5:17  Factory, Starport x2  
  58  5:19  Armory  
  58  5:38  SCV x3  
  58  5:42  Missile Turret  
  61  5:43  Missile Turret  
  61  5:45  Missile Turret  
  61  5:47  Planetary Fortress  
  61  5:54  Siege Tank  
  61  5:56  Viking x2  
  68  6:02  Widow Mine  
  68  6:03  Widow Mine  
  72  6:04  Missile Turret x2  
  72  6:11  Missile Turret  
  72  6:13  SCV x2, Missile Turret  
  72  6:15  SCV, Supply Depot  
  75  6:19  Terran Vehicle And Ship Armor Level 1  
  75  6:25  SCV  
  76  6:27  Armory  
  76  6:28  Missile Turret  
  76  6:33  Supply Depot, Starport Reactor, Starport Tech Lab  
  76  6:35  Factory Tech Lab, SCV  
  76  6:36  Factory Reactor  
  77  6:50  SCV x3  
  77  6:52  Supply Depot  
  77  6:54  Supply Depot  
  80  7:02  Missile Turret  
  80  7:03  Missile Turret  
  80  7:07  Refinery  
  80  7:09  Refinery  
  80  7:10  Siege Tank x2  
  80  7:12  Banshee  
  80  7:15  Cloaking Field  
  89  7:20  SCV  
  89  7:22  Command Center  
  90  7:25  Supply Depot  
  90  7:33  SCV x2  
  90  7:35  Missile Turret  
  90  7:36  Supply Depot, Widow Mine x2  
  96  7:37  Drilling Claws  
  96  7:40  Terran Vehicle Weapons Level 1  
  96  7:43  Liberator  
  96  7:45  SCV x3  
  96  7:46  SCV  
  100  7:57  Supply Depot, SCV x3  
  103  8:00  Supply Depot  
  103  8:05  Hellion x4  
  114  8:08  Infernal Pre-Igniter  
  114  8:10  SCV x2  
  116  8:19  SCV x2  
  118  8:24  Missile Turret  
  118  8:26  Hellion  
  120  8:29  Command Center  
  120  8:32  SCV  
  121  8:36  Missile Turret x2  
  121  8:37  Missile Turret  
  121  8:48  Command Center  
  121  8:52  Liberator x2  
  121  8:54  Missile Turret  
  121  9:01  Engineering Bay, Missile Turret  
  121  9:03  Missile Turret  
  121  9:04  SCV x3  
  121  9:05  SCV, Missile Turret  
  121  9:09  Banshee  
  134  9:14  Terran Vehicle And Ship Armor Level 2  
  134  9:17  Fusion Core  
  134  9:20  Sensor Tower  
  134  9:30  Sensor Tower  
  134  9:32  Planetary Fortress  
  134  9:37  Building Armor  
  134  9:42  Terran Vehicle Weapons Level 2  
  134  9:54  Missile Turret  
  134  9:58  Refinery, Hi-Sec Auto Tracking  
  134  10:00  Thor, Hellion, Refinery  
  134  10:01  Banshee, Hellion x2  
  134  10:05  Orbital Command  
  149  10:08  Liberator  
  149  10:11  Supply Depot  
  149  10:18  Missile Turret  
  149  10:21  Hyperflight Rotors  
  149  10:28  Hellion x3  
  158  10:30  Orbital Command  
  158  10:37  SCV x3  
  158  10:38  Command Center  
  161  10:43  Supply Depot  
  161  11:00  Supply Depot  
  161  11:01  Supply Depot x2  
  161  11:02  Supply Depot x2  
  161  11:04  Supply Depot  
  161  11:11  Supply Depot  
  161  11:12  Supply Depot  
  161  11:14  Missile Turret  
  161  11:23  Thor x2  
  161  11:24  Hellion x2  
  177  11:30  Liberator x2  
  177  11:31  Liberator  
  177  11:32  Factory x2  
  177  11:33  Terran Vehicle And Ship Armor Level 3  
  177  11:37  Command Center  
  177  11:44  Mag-Field Accelerator  
  177  11:45  Hellion  
  179  11:53  Advanced Ballistics  
  188  12:15  Factory Tech Lab x2  
  188  12:16  Thor x2  
  200  12:30  Liberator  
  195  12:44  Banshee  
  196  13:20  Hellion x2  
  196  13:25  Behemoth Reactor  
  196  13:26  Starport  
  196  13:27  Terran Vehicle Weapons Level 3, Starport x2  
  200  13:31  High Capacity Fuel Tanks  
  197  13:35  Hellion  
  196  14:10  Terran Ship Weapons Level 1  
  193  14:22  Weapon Refit  
  174  14:42  Hellion x4  
  174  14:45  Starport Tech Lab x3  
  170  15:09  Liberator  
  170  15:10  Liberator x5  
  165  15:52  Liberator x2  
  169  16:23  Hellion x4  
  169  16:24  Hellion  
  199  16:54  Command Center  
  199  16:57  Command Center  
  199  16:58  Command Center  
  179  17:17  Hellion x6  
  162  17:23  Battlecruiser x4  
  162  17:25  Orbital Command  
  181  17:38  Hellion x2  
  185  17:52  Liberator x2  
  184  18:27  Battlecruiser x2  
  193  18:51  Battlecruiser, Viking  
  193  18:52  Viking  
  179  19:06  Hellion x4  
  179  19:07  Hellion x2  
  167  19:46  Hellion x2  
  167  19:47  Hellion x3  
  177  19:58  Hellion  
  178  20:08  Hellion x3  
  176  20:40  Thor  
  176  20:41  Thor x3  
  129  21:06  Battlecruiser x2  
Show
View Real Time Build Order
Export as new Build Order

person Zerg - Winner!

Build Orders: Hatch First 

Get SALT Encoding   

  12  0:03  Drone  
  13  0:08  Drone  
  14  0:21  Overlord  
  14  0:40  Drone x3  
  17  0:58  Hatchery  
  17  1:03  Drone x2  
  18  1:16  Spawning Pool  
  17  1:18  Drone, Extractor  
  17  1:28  Drone  
  18  1:39  Drone  
  19  1:45  Overlord  
  19  2:10  Queen x2  
  19  2:12  Zergling x6  
  26  2:18  Drone  
  26  2:38  Drone x2  
  26  2:39  Drone x2  
  30  2:47  Metabolic Boost  
  30  2:51  Queen x2  
  34  2:59  Overlord  
  34  3:07  Drone x2  
  36  3:19  Drone x2  
  38  3:20  Drone x4  
  38  3:25  Overlord  
  42  3:38  Drone  
  42  3:39  Drone  
  44  3:43  Spore Crawler  
  44  3:44  Spore Crawler  
  44  3:45  Spore Crawler  
  44  3:46  Spore Crawler  
  39  4:05  Drone  
  39  4:06  Drone x10  
  39  4:09  Pneumatized Carapace  
  50  4:25  Extractor  
  50  4:26  Extractor  
  50  4:27  Drone x2  
  50  4:28  Extractor  
  49  4:33  Evolution Chamber  
  49  4:35  Evolution Chamber  
  47  4:44  Drone  
  47  4:45  Overlord x4  
  48  4:49  Baneling Nest  
  47  4:54  Drone  
  47  4:55  Drone  
  47  4:56  Drone x3  
  52  5:13  Zergling x6  
  52  5:14  Zergling x4  
  57  5:18  Zerg Ground Armor Level 1, Zerg Melee Weapons Level 1  
  57  5:20  Lair  
  57  5:22  Drone  
  57  5:23  Drone  
  57  5:26  Drone  
  60  5:51  Zergling x20  
  60  5:52  Zergling x4  
  72  5:57  Roach Warren  
  71  6:19  Overlord x2  
  71  6:20  Hatchery, Overlord x3  
  71  6:21  Drone  
  71  6:27  Baneling x3  
  71  6:28  Baneling x6  
  71  6:30  Zergling x2  
  71  6:55  Glial Reconstitution  
  71  6:58  Drone  
  71  6:59  Drone x11  
  71  7:00  Evolution Chamber  
  82  7:14  Queen x2  
  86  7:19  Overseer  
  86  7:23  Overseer  
  86  7:39  Drone x5  
  86  7:40  Drone x6  
  86  7:42  Overseer  
  97  7:45  Zerg Ground Armor Level 2  
  97  7:46  Zerg Missile Weapons Level 1, Zerg Melee Weapons Level 2  
  97  7:53  Spire  
  96  8:42  Overlord x4, Extractor  
  96  8:43  Overlord, Extractor  
  94  8:51  Hydralisk Den  
  93  9:39  Muscular Augments  
  93  9:40  Tunneling Claws  
  93  9:41  Hatchery  
  92  9:47  Roach  
  92  9:48  Infestation Pit, Roach x27  
  92  9:49  Overlord, Roach x2  
  92  9:50  Hatchery, Overlord x2  
  150  10:33  Nydus Network  
  149  10:49  Ravager x7  
  156  10:50  Ravager x6  
  156  10:51  Ravager x2  
  156  10:52  Ravager  
  156  10:55  Overseer  
  156  10:56  Overseer  
  165  10:59  Zerg Missile Weapons Level 2  
  165  11:02  Lurker Den  
  165  11:05  Pathogen Glands  
  165  11:11  Zergling x26  
  166  11:12  Zergling x22  
  166  11:13  Overlord  
  189  12:03  Extractor  
  189  12:07  Extractor  
  187  12:43  Zerg Flyer Weapons Level 1  
  187  12:44  Spire  
  186  12:46  Hive  
  186  12:47  Centrifical Hooks  
  186  12:53  Neural Parasite  
  186  13:25  Corruptor  
  186  13:26  Corruptor x4  
  190  13:27  Overlord x3  
  190  13:28  Overlord x2  
  146  14:21  Viper x3  
  146  14:22  Viper x6, Roach  
  164  14:39  Drone x3  
  164  14:40  Drone x6  
  164  14:41  Drone x7  
  164  14:42  Ultralisk Cavern  
  178  14:48  Zergling x10  
  178  14:49  Zergling x32  
  199  15:13  Extractor  
  198  15:16  Extractor  
  196  15:38  Baneling x2  
  196  15:39  Baneling x8  
  193  16:37  Corruptor x3  
  199  16:41  Hatchery  
  199  16:43  Hatchery  
  191  17:26  Zerg Ground Armor Level 3, Zerg Melee Weapons Level 3, Zerg Missile Weapons Level 3  
  176  18:51  Ultralisk x2  
  181  19:09  Overlord x6  
  181  19:14  Drone  
  173  19:42  Hydralisk  
  173  19:43  Hydralisk  
  173  19:44  Hydralisk x15  
  190  20:00  Drone  
  190  20:01  Drone x9  
  103  21:06  Hydralisk x11  
  103  21:07  Hydralisk x21  
  158  21:30  Corruptor  
  158  21:31  Corruptor x2  
  151  21:44  Ravager  
Tags
 
Add a new tag
Caveats
  • Supply blocks, unpowered buildings, or Contaminate may cause inaccurate times.
  • Supply counts are checked every 10 seconds.